[ AOE2 MATCH · #480898995 ]
Team RMEthiopians vs Celts
[ REPLAY ANALYSIS · EXTRACTED FROM THE RECORDED GAME ]
Feudal
11:52
Castle
16:24
Imperial
—
| APM avg | 23.8 |
| APM peak | 55 |
| eAPM avg | 15.6 |
| Villagers / military | 95 / 95 |
Focus
⚔️ 29.9% · 🌾 70.1%
Shotel Warrior ×65 · Archer ×28 · Spearman ×2
Feudal
12:26
Castle
15:58
Imperial
41:03
| APM avg | 20.8 |
| APM peak | 66 |
| eAPM avg | 13.9 |
| Villagers / military | 125 / 71 |
Focus
⚔️ 27.0% · 🌾 73.0%
Scorpion ×34 · Spearman ×20 · Woad Raider ×17
Feudal
—
Castle
—
Imperial
—
| APM avg | 0.3 |
| APM peak | 9 |
| eAPM avg | 0.3 |
| Villagers / military | 0 / 0 |
Feudal
12:04
Castle
17:29
Imperial
—
| APM avg | 18.1 |
| APM peak | 38 |
| eAPM avg | 12.5 |
| Villagers / military | 96 / 9 |
Focus
⚔️ 14.9% · 🌾 85.1%
Unknown (2550) ×21 · Mangonel ×5 · Spearman ×4 · Unknown (2586) ×2
Feudal
8:49
Castle
21:59
Imperial
37:51
| APM avg | 50.2 |
| APM peak | 105 |
| eAPM avg | 19.8 |
| Villagers / military | 136 / 85 |
Focus
⚔️ 34.4% · 🌾 65.6%
Shotel Warrior ×48 · Archer ×24 · Scout Cavalry ×10 · Trebuchet (Packed) ×2 · Monk ×1
Feudal
10:16
Castle
22:33
Imperial
40:39
| APM avg | 54.6 |
| APM peak | 96 |
| eAPM avg | 23.2 |
| Villagers / military | 147 / 124 |
Focus
⚔️ 33.4% · 🌾 66.6%
Archer ×116 · Unknown (2550) ×12 · Spearman ×3 · Trebuchet (Packed) ×3 · Monk ×2
Match map
Initial resources + every placement click. Lines = walls · curves = elevation contours. ◆ gold · ⬟ stone · ● berries · ✦ relic · ◌ wall gap
Your base· Open — unwalled flank
Stabgrover's base· Open — unwalled flank
EconomyOnly's base· Open — unwalled flank
Great Khan's base· Open — unwalled flank
LoomOrDoom's base· ✓ Closed at 21:59 · 34t walls · no gate
Oo_Lay_Gyi's base· Open — 1t gap
Smoothed initial terrain · ◌ = detected wall gap · hover for details
Inputs per minute
— Ratte - - Stabgrover
Build order — Ratte
First 150 of 309 actions detected
| 0:02 | Create | Villager (Male) ×4 |
| 0:04 | Build | House |
| 0:05 | Build | House |
| 1:29 | Create | Villager (Male) |
| 1:55 | Build | Lumber Camp |
| 2:06 | Create | Villager (Male) |
| 2:21 | Create | Villager (Male) |
| 2:54 | Create | Villager (Male) |
| 3:06 | Build | House |
| 3:08 | Create | Villager (Male) |
| 3:43 | Create | Villager (Male) |
| 4:21 | Create | Villager (Male) |
| 5:00 | Build | Mill |
| 5:12 | Create | Villager (Male) |
| 5:39 | Create | Villager (Male) |
| 5:59 | Create | Villager (Male) |
| 6:20 | Build | House |
| 6:37 | Build | Mill |
| 6:47 | Create | Villager (Male) |
| 6:47 | Create | Villager (Male) |
| 6:48 | Create | Villager (Male) |
| 6:51 | Create | Villager (Male) |
| 7:15 | Build | Mining Camp |
| 8:12 | Create | Villager (Male) |
| 8:12 | Create | Villager (Male) |
| 9:16 | Research | Loom |
| 9:17 | Research | Feudal Age |
| 10:00 | Build | Palisade Wall |
| 10:08 | Build | Palisade Wall |
| 10:10 | Build | Palisade Wall |
| 11:27 | Build | Barracks |
| 11:52 | Age | Feudal Age |
| 12:20 | Build | Market |
| 12:22 | Build | Blacksmith |
| 12:26 | Create | Villager (Male) |
| 12:27 | Create | Villager (Male) |
| 12:31 | Create | Spearman |
| 12:31 | Create | Spearman |
| 12:52 | Build | House |
| 12:55 | Build | House |
| 13:26 | Research | Castle Age |
| 13:36 | Build | Mining Camp |
| 14:06 | Build | Farm |
| 14:25 | Build | House |
| 14:28 | Research | Double-Bit Axe |
| 14:38 | Build | Farm |
| 14:38 | Build | Farm |
| 14:38 | Build | Farm |
| 14:39 | Build | Farm |
| 15:08 | Build | House |
| 15:10 | Build | House |
| 15:27 | Research | Horse Collar |
| 15:56 | Build | House |
| 16:24 | Age | Castle Age |
| 16:27 | Build | House |
| 16:30 | Create | Villager (Male) |
| 16:45 | Create | Villager (Male) |
| 16:49 | Build | Farm |
| 16:51 | Build | Farm |
| 16:52 | Research | Bow Saw |
| 17:15 | Build | House |
| 17:19 | Build | House |
| 17:23 | Create | Villager (Male) |
| 17:50 | Build | Farm |
| 17:51 | Create | Villager (Male) |
| 18:03 | Build | House |
| 18:06 | Build | House |
| 18:08 | Build | House |
| 18:19 | Build | Farm |
| 18:49 | Build | Castle |
| 18:51 | Create | Villager (Male) |
| 18:53 | Create | Villager (Male) |
| 19:18 | Create | Villager (Male) |
| 19:20 | Build | Farm |
| 19:21 | Create | Villager (Male) |
| 19:25 | Build | House |
| 19:27 | Build | House |
| 19:31 | Build | Farm |
| 19:32 | Build | Farm |
| 19:38 | Build | House |
| 19:40 | Build | House |
| 20:01 | Build | Lumber Camp |
| 20:29 | Create | Shotel Warrior |
| 20:30 | Create | Shotel Warrior |
| 20:30 | Create | Shotel Warrior |
| 20:30 | Create | Shotel Warrior |
| 20:30 | Create | Shotel Warrior |
| 20:31 | Create | Shotel Warrior |
| 20:31 | Create | Shotel Warrior |
| 20:31 | Create | Shotel Warrior |
| 20:34 | Build | Farm |
| 20:41 | Build | House |
| 20:47 | Create | Villager (Male) |
| 21:08 | Create | Villager (Male) |
| 21:24 | Build | Farm |
| 21:26 | Create | Villager (Male) |
| 21:28 | Create | Shotel Warrior |
| 21:41 | Build | House |
| 21:42 | Build | House |
| 21:43 | Create | Villager (Male) |
| 21:50 | Build | Farm |
| 22:02 | Create | Shotel Warrior |
| 22:03 | Create | Shotel Warrior |
| 22:11 | Create | Villager (Male) |
| 22:21 | Create | Villager (Male) |
| 22:39 | Build | Farm |
| 22:40 | Create | Villager (Male) |
| 22:52 | Create | Villager (Male) |
| 22:57 | Build | Mill |
| 23:00 | Create | Shotel Warrior |
| 23:01 | Create | Shotel Warrior |
| 23:11 | Build | Farm |
| 23:12 | Create | Villager (Male) |
| 23:15 | Create | Shotel Warrior |
| 23:19 | Build | Farm |
| 23:24 | Build | Farm |
| 23:38 | Create | Villager (Male) |
| 23:44 | Create | Shotel Warrior |
| 23:44 | Create | Shotel Warrior |
| 24:03 | Create | Shotel Warrior |
| 24:13 | Build | Farm |
| 24:16 | Create | Shotel Warrior |
| 24:16 | Create | Shotel Warrior |
| 24:21 | Research | Arson |
| 24:36 | Build | Farm |
| 24:37 | Create | Villager (Male) |
| 24:45 | Build | Farm |
| 25:05 | Build | Town Center |
| 25:11 | Create | Shotel Warrior |
| 25:11 | Create | Shotel Warrior |
| 25:12 | Create | Shotel Warrior |
| 25:15 | Build | Farm |
| 25:20 | Create | Villager (Male) |
| 25:25 | Create | Shotel Warrior |
| 25:38 | Build | Farm |
| 25:41 | Build | Farm |
| 25:44 | Create | Villager (Male) |
| 25:45 | Create | Shotel Warrior |
| 25:50 | Create | Shotel Warrior |
| 25:57 | Create | Villager (Male) |
| 26:00 | Create | Shotel Warrior |
| 26:14 | Build | Farm |
| 26:14 | Build | Farm |
| 26:14 | Build | Farm |
| 26:14 | Build | Farm |
| 26:14 | Build | Farm |
| 26:15 | Build | Farm |
| 26:15 | Build | Farm |
| 26:17 | Create | Villager (Male) |
| 26:20 | Create | Shotel Warrior |
Build order — Stabgrover
First 150 of 313 actions detected
| 0:00 | Create | Villager (Male) |
| 0:01 | Create | Villager (Male) |
| 0:01 | Create | Villager (Male) |
| 0:02 | Create | Villager (Male) |
| 0:02 | Create | Villager (Male) |
| 0:03 | Build | House |
| 0:05 | Build | House |
| 1:35 | Create | Villager (Male) |
| 1:35 | Create | Villager (Male) |
| 1:56 | Build | Lumber Camp |
| 2:16 | Create | Villager (Male) |
| 2:16 | Create | Villager (Male) |
| 2:16 | Create | Villager (Male) |
| 2:41 | Create | Villager (Male) |
| 2:41 | Create | Villager (Male) |
| 3:10 | Create | Villager (Male) |
| 3:31 | Build | House |
| 3:50 | Create | Villager (Male) |
| 4:19 | Create | Villager (Male) |
| 4:19 | Create | Villager (Male) |
| 4:45 | Create | Villager (Male) |
| 5:14 | Create | Villager (Male) |
| 5:14 | Create | Villager (Male) |
| 5:32 | Create | Villager (Male) |
| 5:32 | Create | Villager (Male) |
| 5:40 | Create | Villager (Male) |
| 5:41 | Create | Villager (Male) |
| 5:49 | Build | House |
| 6:09 | Build | Mill |
| 6:49 | Build | Mill |
| 6:52 | Create | Villager (Male) |
| 6:52 | Create | Villager (Male) |
| 6:54 | Create | Villager (Male) |
| 7:34 | Create | Villager (Male) |
| 7:34 | Create | Villager (Male) |
| 7:34 | Create | Villager (Male) |
| 8:23 | Research | Loom |
| 8:28 | Build | House |
| 8:36 | Build | Mining Camp |
| 8:49 | Build | Mining Camp |
| 10:16 | Research | Feudal Age |
| 12:22 | Create | Villager (Male) |
| 12:22 | Create | Villager (Male) |
| 12:26 | Age | Feudal Age |
| 12:36 | Build | Market |
| 12:44 | Build | Blacksmith |
| 13:18 | Research | Castle Age |
| 14:10 | Research | Double-Bit Axe |
| 14:30 | Research | Gold Mining |
| 14:35 | Research | Horse Collar |
| 14:51 | Build | Farm |
| 14:51 | Build | Farm |
| 14:51 | Build | Farm |
| 14:52 | Build | Farm |
| 14:52 | Build | Farm |
| 14:52 | Build | Farm |
| 14:53 | Build | Farm |
| 15:58 | Age | Castle Age |
| 16:03 | Create | Villager (Male) |
| 16:16 | Build | Castle |
| 17:03 | Build | Lumber Camp |
| 17:18 | Build | Farm |
| 17:26 | Create | Woad Raider |
| 17:44 | Build | Farm |
| 17:48 | Create | Woad Raider |
| 18:21 | Create | Villager (Male) |
| 18:31 | Build | Farm |
| 18:34 | Build | Farm |
| 18:37 | Build | Farm |
| 18:42 | Build | Farm |
| 18:58 | Build | Farm |
| 19:00 | Create | Villager (Male) |
| 19:07 | Build | Farm |
| 19:19 | Create | Villager (Male) |
| 19:34 | Build | Mill |
| 19:50 | Build | Farm |
| 19:51 | Create | Woad Raider |
| 19:52 | Create | Woad Raider |
| 19:52 | Create | Woad Raider |
| 20:09 | Create | Villager (Male) |
| 20:34 | Create | Villager (Male) |
| 20:43 | Research | Scale Mail Armor |
| 21:06 | Create | Villager (Male) |
| 21:07 | Create | Villager (Male) |
| 21:13 | Create | Woad Raider |
| 21:29 | Create | Woad Raider |
| 21:33 | Build | Farm |
| 21:35 | Create | Villager (Male) |
| 21:50 | Create | Woad Raider |
| 22:10 | Create | Villager (Male) |
| 22:23 | Create | Villager (Male) |
| 22:31 | Build | Farm |
| 22:35 | Build | Farm |
| 22:38 | Build | Farm |
| 22:51 | Create | Woad Raider |
| 22:51 | Create | Woad Raider |
| 23:07 | Create | Villager (Male) |
| 23:46 | Create | Woad Raider |
| 23:46 | Create | Woad Raider |
| 23:47 | Create | Woad Raider |
| 23:56 | Create | Villager (Male) |
| 23:56 | Create | Villager (Male) |
| 24:16 | Build | Town Center |
| 24:21 | Create | Villager (Male) |
| 24:32 | Research | Forging |
| 24:43 | Create | Villager (Male) |
| 25:01 | Create | Villager (Male) |
| 25:01 | Create | Villager (Male) |
| 25:20 | Create | Villager (Male) |
| 25:20 | Create | Villager (Male) |
| 25:28 | Create | Villager (Male) |
| 25:41 | Create | Villager (Male) |
| 25:42 | Create | Villager (Male) |
| 25:49 | Build | Farm |
| 25:50 | Build | Farm |
| 25:55 | Build | Siege Workshop |
| 26:00 | Create | Woad Raider |
| 26:01 | Create | Woad Raider |
| 26:13 | Build | Town Center |
| 26:16 | Create | Villager (Male) |
| 26:16 | Create | Villager (Male) |
| 26:28 | Create | Villager (Male) |
| 26:29 | Create | Villager (Male) |
| 26:36 | Create | Villager (Male) |
| 26:37 | Create | Villager (Male) |
| 26:49 | Create | Villager (Male) |
| 26:54 | Create | Villager (Male) |
| 26:55 | Create | Villager (Male) |
| 27:27 | Research | Wheelbarrow |
| 27:29 | Create | Villager (Male) |
| 27:29 | Create | Villager (Male) |
| 27:32 | Build | Farm |
| 27:32 | Build | Farm |
| 27:33 | Build | Farm |
| 27:33 | Build | Farm |
| 27:33 | Build | Farm |
| 27:34 | Build | Farm |
| 27:44 | Create | Villager (Male) |
| 27:45 | Create | Villager (Male) |
| 27:54 | Create | Villager (Male) |
| 27:54 | Create | Villager (Male) |
| 28:05 | Create | Woad Raider |
| 28:09 | Create | Scorpion |
| 28:09 | Create | Scorpion |
| 28:10 | Create | Scorpion |
| 28:11 | Create | Scorpion |
| 28:16 | Create | Villager (Male) |
| 28:17 | Create | Villager (Male) |
| 28:37 | Create | Villager (Male) |
| 28:38 | Create | Villager (Male) |
Build order — EconomyOnly
0 actions detected in the replay
Build order — Great Khan
First 150 of 157 actions detected
| 0:02 | Create | Villager (Male) ×4 |
| 0:03 | Build | House |
| 0:04 | Build | House |
| 1:38 | Create | Villager (Male) |
| 1:45 | Build | Settlement |
| 2:10 | Create | Villager (Male) |
| 2:27 | Create | Villager (Male) |
| 2:54 | Create | Villager (Male) |
| 3:09 | Create | Villager (Male) |
| 3:43 | Create | Villager (Male) |
| 3:47 | Build | Settlement |
| 3:58 | Create | Villager (Male) |
| 4:34 | Create | Villager (Male) |
| 5:21 | Create | Villager (Male) |
| 5:21 | Create | Villager (Male) |
| 5:37 | Create | Villager (Male) |
| 5:56 | Create | Villager (Male) |
| 6:40 | Create | Villager (Male) |
| 7:36 | Create | Villager (Male) |
| 8:13 | Create | Villager (Male) |
| 8:13 | Create | Villager (Male) |
| 8:45 | Build | Settlement |
| 8:58 | Create | Villager (Male) |
| 9:23 | Create | Villager (Male) |
| 9:49 | Research | Feudal Age |
| 9:58 | Build | Settlement |
| 10:23 | Create | Villager (Male) |
| 10:24 | Research | Loom |
| 10:24 | Create | Villager (Male) |
| 10:44 | Build | Settlement |
| 10:56 | Create | Villager (Male) |
| 12:04 | Age | Feudal Age |
| 12:33 | Build | Market |
| 12:38 | Build | Blacksmith |
| 12:41 | Build | Barracks |
| 12:47 | Build | Farm |
| 12:48 | Build | Farm |
| 12:49 | Build | Farm |
| 12:50 | Build | Farm |
| 12:50 | Build | Farm |
| 12:53 | Build | Farm |
| 13:41 | Create | Villager (Male) |
| 14:35 | Build | Farm |
| 14:36 | Build | Farm |
| 14:38 | Build | Farm |
| 14:40 | Build | Farm |
| 14:49 | Research | Castle Age |
| 16:45 | Create | Villager (Male) |
| 16:46 | Create | Villager (Male) |
| 16:46 | Create | Villager (Male) |
| 16:48 | Research | Horse Collar |
| 16:52 | Research | Double-Bit Axe |
| 17:29 | Age | Castle Age |
| 17:37 | Create | Unit 2550 |
| 17:37 | Create | Unit 2550 |
| 18:38 | Create | Villager (Male) |
| 18:38 | Create | Villager (Male) |
| 20:01 | Build | Siege Workshop |
| 20:12 | Create | Villager (Male) |
| 20:24 | Build | Siege Workshop |
| 20:33 | Create | Villager (Male) |
| 20:53 | Create | Mangonel |
| 21:02 | Create | Villager (Male) |
| 21:02 | Create | Villager (Male) |
| 21:33 | Build | Town Center |
| 21:55 | Research | Tech 1402 |
| 22:19 | Create | Villager (Male) ×2 |
| 22:27 | Build | Farm |
| 22:52 | Create | Villager (Male) ×2 |
| 23:04 | Create | Spearman |
| 23:07 | Create | Spearman |
| 23:23 | Create | Spearman |
| 23:29 | Create | Mangonel |
| 23:34 | Create | Villager (Male) |
| 23:59 | Create | Spearman |
| 24:27 | Create | Villager (Male) ×3 |
| 24:31 | Build | Farm |
| 24:33 | Build | Farm |
| 24:55 | Create | Villager (Male) |
| 24:56 | Create | Villager (Male) |
| 24:59 | Build | Farm |
| 25:01 | Build | House |
| 25:08 | Create | Villager (Male) |
| 25:43 | Build | Farm |
| 25:44 | Create | Villager (Male) ×2 |
| 25:50 | Build | Farm |
| 25:55 | Build | House |
| 25:55 | Build | House |
| 25:56 | Build | House |
| 25:56 | Build | House |
| 25:56 | Build | House |
| 26:36 | Create | Villager (Male) ×5 |
| 26:37 | Create | Villager (Male) |
| 26:51 | Create | Villager (Male) |
| 28:14 | Create | Villager (Male) ×5 |
| 28:36 | Build | Town Center |
| 28:52 | Create | Villager (Male) |
| 28:54 | Research | Wheelbarrow |
| 28:56 | Research | Town Watch |
| 29:13 | Research | Squires |
| 29:40 | Create | Mangonel |
| 29:44 | Research | Tech 1351 |
| 30:10 | Build | Barracks |
| 30:58 | Create | Unit 2550 ×5 |
| 31:17 | Create | Mangonel |
| 31:40 | Create | Unit 2550 ×5 |
| 32:20 | Create | Villager (Male) ×2 |
| 32:50 | Create | Unit 2550 |
| 33:22 | Create | Villager (Male) |
| 33:34 | Create | Villager (Male) |
| 33:34 | Create | Villager (Male) |
| 33:35 | Create | Villager (Male) |
| 33:50 | Create | Villager (Male) |
| 34:02 | Build | Barracks |
| 34:06 | Create | Villager (Male) |
| 34:09 | Create | Villager (Male) |
| 34:17 | Build | Farm |
| 34:19 | Create | Villager (Male) |
| 34:29 | Create | Villager (Male) |
| 34:40 | Build | Farm |
| 34:40 | Build | Farm |
| 34:41 | Build | Farm |
| 34:45 | Create | Villager (Male) |
| 34:49 | Create | Villager (Male) |
| 35:59 | Build | Farm |
| 36:02 | Build | Farm |
| 36:06 | Create | Villager (Male) ×5 |
| 36:07 | Create | Villager (Male) ×3 |
| 36:10 | Build | Farm |
| 36:12 | Build | Farm |
| 36:12 | Build | Farm |
| 36:15 | Build | Farm |
| 36:43 | Create | Villager (Male) ×4 |
| 36:44 | Build | Farm |
| 36:46 | Build | Farm |
| 36:49 | Build | Farm |
| 36:50 | Build | Farm |
| 36:51 | Build | Farm |
| 37:00 | Build | House |
| 37:06 | Build | House |
| 37:31 | Create | Unit 2550 ×5 |
| 37:32 | Create | Unit 2550 ×2 |
| 37:49 | Create | Unit 2586 ×2 |
| 37:50 | Create | Unit 2550 |
| 38:50 | Create | Mangonel |
| 38:54 | Build | Farm |
| 38:57 | Build | Farm |
| 38:59 | Build | Farm |
| 39:02 | Build | House |
| 39:41 | Build | Farm |
Build order — LoomOrDoom
First 150 of 401 actions detected
| 0:01 | Create | Villager (Male) |
| 0:01 | Create | Villager (Male) |
| 0:02 | Create | Villager (Male) |
| 0:02 | Build | House |
| 0:04 | Build | House |
| 0:05 | Create | Villager (Male) |
| 0:05 | Create | Villager (Male) |
| 1:29 | Create | Villager (Male) |
| 1:30 | Create | Villager (Male) |
| 1:55 | Build | Lumber Camp |
| 2:03 | Create | Villager (Male) |
| 2:03 | Create | Villager (Male) |
| 2:29 | Create | Villager (Male) |
| 2:29 | Create | Villager (Male) |
| 2:47 | Create | Villager (Male) |
| 2:48 | Create | Villager (Male) |
| 2:59 | Build | House |
| 3:11 | Create | Villager (Male) |
| 3:11 | Create | Villager (Male) |
| 3:29 | Create | Villager (Male) |
| 3:29 | Create | Villager (Male) |
| 4:19 | Create | Villager (Male) |
| 4:20 | Create | Villager (Male) |
| 4:50 | Build | Mill |
| 5:14 | Create | Villager (Male) |
| 5:14 | Create | Villager (Male) |
| 5:20 | Research | Loom |
| 5:20 | Research | Loom |
| 6:39 | Research | Feudal Age |
| 6:39 | Research | Feudal Age |
| 7:48 | Create | Villager (Male) |
| 7:48 | Create | Villager (Male) |
| 7:54 | Build | Barracks |
| 8:36 | Build | House |
| 8:49 | Age | Feudal Age |
| 8:57 | Create | Villager (Male) |
| 9:02 | Build | Stable |
| 9:10 | Research | Double-Bit Axe |
| 9:10 | Research | Double-Bit Axe |
| 9:23 | Create | Villager (Male) |
| 9:44 | Build | Farm |
| 9:47 | Create | Scout Cavalry |
| 9:47 | Create | Scout Cavalry |
| 10:18 | Build | Farm |
| 10:33 | Create | Villager (Male) |
| 10:45 | Build | Farm |
| 10:48 | Create | Scout Cavalry |
| 11:04 | Create | Villager (Male) |
| 11:07 | Build | House |
| 11:08 | Build | House |
| 11:40 | Create | Scout Cavalry |
| 12:02 | Build | Farm |
| 12:02 | Build | Farm |
| 12:02 | Build | Farm |
| 12:03 | Build | Farm |
| 12:14 | Create | Villager (Male) |
| 12:16 | Create | Scout Cavalry |
| 12:18 | Build | Farm |
| 12:30 | Create | Villager (Male) |
| 12:34 | Create | Scout Cavalry |
| 12:34 | Create | Scout Cavalry |
| 13:01 | Build | Blacksmith |
| 13:20 | Create | Villager (Male) |
| 13:21 | Create | Scout Cavalry |
| 13:30 | Create | Villager (Male) |
| 13:32 | Create | Scout Cavalry |
| 13:56 | Research | Forging |
| 13:57 | Research | Forging |
| 14:07 | Build | House |
| 14:17 | Create | Villager (Male) |
| 14:36 | Build | Mining Camp |
| 14:56 | Create | Villager (Male) |
| 14:57 | Create | Scout Cavalry |
| 15:07 | Build | House |
| 15:26 | Build | House |
| 15:28 | Build | Palisade Wall |
| 15:31 | Build | Mining Camp |
| 15:33 | Create | Villager (Male) |
| 15:51 | Create | Villager (Male) |
| 16:14 | Create | Villager (Male) |
| 16:27 | Build | Farm |
| 16:27 | Build | Farm |
| 16:29 | Build | Farm |
| 16:52 | Create | Villager (Male) |
| 16:55 | Build | House |
| 17:50 | Build | Farm |
| 17:50 | Build | Farm |
| 17:50 | Build | Farm |
| 17:51 | Build | Farm |
| 17:53 | Research | Horse Collar |
| 17:53 | Research | Horse Collar |
| 18:12 | Build | Farm |
| 18:13 | Build | Farm |
| 18:31 | Create | Villager (Male) |
| 18:49 | Build | Palisade Wall |
| 18:53 | Build | Palisade Wall |
| 19:10 | Build | Palisade Wall |
| 19:19 | Research | Castle Age |
| 19:20 | Research | Castle Age |
| 19:55 | Research | Scale Mail Armor |
| 19:55 | Research | Scale Mail Armor |
| 19:59 | Research | Arson |
| 19:59 | Research | Arson |
| 20:20 | Research | Stone Mining |
| 20:20 | Research | Stone Mining |
| 20:28 | Build | Farm |
| 21:25 | Create | Villager (Male) |
| 21:59 | Age | Castle Age |
| 22:02 | Build | Castle |
| 22:03 | Research | Bow Saw |
| 22:05 | Create | Villager (Male) |
| 22:10 | Build | House |
| 22:16 | Research | Chain Mail Armor |
| 22:16 | Research | Chain Mail Armor |
| 22:17 | Research | Iron Casting |
| 22:17 | Research | Iron Casting |
| 22:21 | Research | Squires |
| 22:21 | Research | Squires |
| 22:30 | Build | Farm |
| 22:36 | Create | Villager (Male) |
| 23:03 | Create | Villager (Male) |
| 23:17 | Build | Farm |
| 23:20 | Create | Villager (Male) |
| 23:39 | Create | Shotel Warrior |
| 23:39 | Create | Shotel Warrior |
| 23:45 | Build | Farm |
| 23:47 | Build | Farm |
| 23:53 | Create | Shotel Warrior |
| 23:53 | Create | Shotel Warrior |
| 24:07 | Create | Villager (Male) |
| 24:08 | Create | Shotel Warrior |
| 24:08 | Create | Shotel Warrior |
| 24:39 | Create | Villager (Male) |
| 24:40 | Create | Shotel Warrior |
| 24:41 | Create | Shotel Warrior |
| 24:46 | Build | Farm |
| 24:46 | Build | Farm |
| 24:46 | Build | Farm |
| 24:48 | Build | Farm |
| 24:52 | Build | Farm |
| 24:52 | Build | Farm |
| 24:52 | Build | Farm |
| 24:52 | Build | Farm |
| 24:53 | Build | Farm |
| 24:54 | Create | Villager (Male) |
| 25:01 | Create | Shotel Warrior |
| 25:01 | Create | Shotel Warrior |
| 25:02 | Create | Shotel Warrior |
| 25:09 | Create | Shotel Warrior |
| 25:19 | Create | Shotel Warrior |
Build order — Oo_Lay_Gyi
First 150 of 415 actions detected
| 0:01 | Create | Villager (Male) |
| 0:01 | Create | Villager (Male) |
| 0:01 | Create | Villager (Male) |
| 0:02 | Create | Villager (Male) |
| 0:02 | Create | Villager (Male) |
| 0:03 | Build | House |
| 0:05 | Build | House |
| 1:23 | Create | Villager (Male) |
| 1:24 | Create | Villager (Male) |
| 1:53 | Build | Settlement |
| 2:00 | Create | Villager (Male) |
| 2:00 | Create | Villager (Male) |
| 2:16 | Create | Villager (Male) |
| 2:59 | Create | Villager (Male) |
| 3:00 | Create | Villager (Male) |
| 3:21 | Create | Villager (Male) |
| 3:47 | Create | Villager (Male) |
| 4:04 | Build | Settlement |
| 4:11 | Create | Villager (Male) |
| 4:11 | Create | Villager (Male) |
| 4:12 | Create | Villager (Male) |
| 4:24 | Create | Villager (Male) |
| 4:25 | Create | Villager (Male) |
| 4:51 | Create | Villager (Male) |
| 5:26 | Create | Villager (Male) |
| 5:26 | Create | Villager (Male) |
| 5:37 | Build | Settlement |
| 5:46 | Create | Villager (Male) |
| 5:57 | Research | Loom |
| 6:01 | Create | Villager (Male) |
| 6:17 | Research | Loom |
| 7:27 | Create | Villager (Male) |
| 8:06 | Research | Feudal Age |
| 8:45 | Build | Barracks |
| 9:15 | Build | Settlement |
| 9:26 | Create | Villager (Male) |
| 9:27 | Create | Villager (Male) |
| 10:16 | Age | Feudal Age |
| 10:19 | Build | Archery Range |
| 10:30 | Research | Double-Bit Axe |
| 10:30 | Research | Double-Bit Axe |
| 10:58 | Create | Villager (Male) |
| 11:04 | Create | Archer |
| 11:04 | Create | Archer |
| 11:10 | Create | Villager (Male) |
| 11:10 | Create | Villager (Male) |
| 11:38 | Build | Blacksmith |
| 11:42 | Build | Palisade Wall |
| 11:43 | Create | Archer |
| 11:43 | Create | Archer |
| 11:47 | Create | Villager (Male) |
| 11:51 | Build | House |
| 11:55 | Build | Palisade Wall |
| 11:58 | Create | Archer |
| 12:18 | Build | Farm |
| 12:18 | Build | Farm |
| 12:24 | Create | Villager (Male) |
| 12:26 | Create | Archer |
| 12:34 | Research | Fletching |
| 12:34 | Create | Villager (Male) |
| 12:38 | Build | House |
| 12:41 | Build | Palisade Wall |
| 12:57 | Build | Farm |
| 12:59 | Build | Farm |
| 13:14 | Create | Villager (Male) |
| 13:15 | Create | Archer |
| 13:19 | Build | House |
| 13:21 | Build | Palisade Wall |
| 13:23 | Build | Palisade Wall |
| 13:25 | Create | Villager (Male) |
| 13:29 | Build | Farm |
| 13:31 | Build | Farm |
| 13:45 | Build | House |
| 13:57 | Create | Archer |
| 13:57 | Create | Archer |
| 14:05 | Build | Farm |
| 14:07 | Build | Farm |
| 14:12 | Create | Villager (Male) |
| 14:13 | Create | Spearman |
| 14:30 | Create | Archer |
| 14:30 | Create | Villager (Male) |
| 14:31 | Create | Villager (Male) |
| 14:42 | Create | Villager (Male) |
| 14:48 | Create | Villager (Male) |
| 14:51 | Build | House |
| 14:54 | Build | Palisade Wall |
| 14:56 | Build | Palisade Wall |
| 15:08 | Create | Villager (Male) |
| 15:09 | Create | Archer |
| 15:09 | Create | Archer |
| 15:09 | Create | Archer |
| 15:10 | Create | Archer |
| 15:15 | Create | Villager (Male) |
| 15:18 | Build | Farm |
| 15:21 | Build | Market |
| 15:49 | Create | Archer |
| 15:49 | Create | Archer |
| 15:53 | Build | Farm |
| 15:58 | Create | Villager (Male) |
| 16:19 | Build | Farm |
| 16:23 | Build | Farm |
| 16:25 | Build | Farm |
| 16:30 | Create | Archer |
| 16:30 | Create | Archer |
| 16:52 | Research | Horse Collar |
| 16:56 | Create | Villager (Male) |
| 17:26 | Build | Farm |
| 17:28 | Build | Farm |
| 18:13 | Create | Villager (Male) |
| 18:15 | Research | Wheelbarrow |
| 18:20 | Build | Farm |
| 19:03 | Create | Villager (Male) |
| 19:10 | Build | Archery Range |
| 19:14 | Build | Palisade Gate |
| 19:27 | Research | Castle Age |
| 19:27 | Research | Castle Age |
| 19:59 | Create | Villager (Male) |
| 20:00 | Create | Villager (Male) |
| 20:05 | Research | Gold Mining |
| 21:11 | Build | Barracks |
| 21:29 | Build | Farm |
| 21:45 | Create | Archer |
| 21:45 | Create | Archer |
| 21:46 | Create | Archer |
| 21:47 | Create | Archer |
| 21:53 | Research | Padded Archer Armor |
| 21:57 | Research | Tech 1402 |
| 22:09 | Build | Archery Range |
| 22:20 | Create | Villager (Male) |
| 22:31 | Create | Archer |
| 22:32 | Create | Archer |
| 22:32 | Create | Archer |
| 22:33 | Age | Castle Age |
| 22:37 | Build | Town Center |
| 22:44 | Research | Crossbowman (upgrade) |
| 22:45 | Research | Bodkin Arrow |
| 22:48 | Create | Archer |
| 23:01 | Build | Farm |
| 23:03 | Build | Farm |
| 23:15 | Create | Archer |
| 23:15 | Create | Archer |
| 23:29 | Create | Archer |
| 23:31 | Create | Villager (Male) |
| 23:31 | Create | Villager (Male) |
| 23:34 | Create | Villager (Male) |
| 23:56 | Build | Palisade Wall |
| 24:10 | Research | Bow Saw |
| 24:10 | Research | Heavy Plow |
| 24:11 | Create | Villager (Male) |
| 24:14 | Create | Archer |
Match timeline
| 4:05 | EconomyOnly · resign |
| 7:54 | LoomOrDoom · first_building Barracks |
| 8:45 | Oo_Lay_Gyi · first_building Barracks |
| 8:49 | LoomOrDoom · age_up feudal |
| 9:02 | LoomOrDoom · first_building Stable |
| 10:00 | Ratte · wall_segment Palisade Wall x1 |
| 10:08 | Ratte · wall_segment Palisade Wall x1 |
| 10:10 | Ratte · wall_segment Palisade Wall x1 |
| 10:16 | Oo_Lay_Gyi · age_up feudal |
| 10:19 | Oo_Lay_Gyi · first_building Archery Range |
| 11:27 | Ratte · first_building Barracks |
| 11:42 | Oo_Lay_Gyi · wall_segment Palisade Wall x7 |
| 11:52 | Ratte · age_up feudal |
| 11:55 | Oo_Lay_Gyi · wall_segment Palisade Wall x7 |
| 12:04 | Great Khan · age_up feudal |
| 12:26 | Stabgrover · age_up feudal |
| 12:41 | Oo_Lay_Gyi · wall_segment Palisade Wall x5 |
| 12:41 | Great Khan · first_building Barracks |
| 13:16 | Stabgrover · first_market_sell 100 wood |
| 13:17 | Stabgrover · first_market_buy 100 food |
| 13:21 | Oo_Lay_Gyi · wall_segment Palisade Wall x4 |
| 13:23 | Oo_Lay_Gyi · wall_segment Palisade Wall x6 |
| 14:54 | Oo_Lay_Gyi · wall_segment Palisade Wall x15 |
| 14:56 | Oo_Lay_Gyi · wall_segment Palisade Wall x4 |
| 15:28 | LoomOrDoom · wall_segment Palisade Wall x5 |
| 15:58 | Stabgrover · age_up castle |
| 16:16 | Stabgrover · first_building Castle |
| 16:24 | Ratte · age_up castle |
| 17:29 | Great Khan · age_up castle |
| 18:49 | LoomOrDoom · wall_segment Palisade Wall x17 |
| 18:49 | Ratte · first_building Castle |
| 18:53 | LoomOrDoom · wall_segment Palisade Wall x1 |
| 19:10 | LoomOrDoom · wall_segment Palisade Wall x11 |
| 20:01 | Great Khan · first_building Siege Workshop |
| 21:59 | LoomOrDoom · age_up castle |
| 22:02 | LoomOrDoom · first_building Castle |
| 22:33 | Oo_Lay_Gyi · age_up castle |
| 23:56 | Oo_Lay_Gyi · wall_segment Palisade Wall x1 |
| 25:55 | Stabgrover · first_building Siege Workshop |
| 26:16 | Oo_Lay_Gyi · wall_segment Palisade Wall x3 |
| 26:17 | Oo_Lay_Gyi · wall_segment Palisade Wall x6 |
| 26:21 | LoomOrDoom · wall_segment Stone Wall x10 |
| 26:23 | LoomOrDoom · wall_segment Stone Wall x7 |
| 28:33 | Great Khan · first_market_buy 100 wood |
| 29:54 | LoomOrDoom · first_building Monastery |
| 30:02 | Oo_Lay_Gyi · first_building Monastery |
| 30:44 | Stabgrover · first_building Barracks |
| 30:51 | Oo_Lay_Gyi · first_market_sell 500 wood |
| 30:59 | Ratte · first_building Archery Range |
| 34:06 | LoomOrDoom · first_market_sell 500 food |
| 34:38 | Oo_Lay_Gyi · first_market_buy 100 wood |
| 34:59 | LoomOrDoom · first_building Archery Range |
| 35:19 | Oo_Lay_Gyi · first_building Siege Workshop |
| 35:37 | Oo_Lay_Gyi · first_building Castle |
| 37:02 | Ratte · wall_segment Stone Wall x1 |
| 37:51 | LoomOrDoom · age_up imperial |
| 40:39 | Oo_Lay_Gyi · age_up imperial |
| 40:57 | LoomOrDoom · first_building Siege Workshop |
| 41:03 | Stabgrover · age_up imperial |
| 41:34 | LoomOrDoom · wall_segment Stone Wall x11 |
[ AI ANALYSIS · 1 CREDIT ]
What really happened in this match?
Wolo.gg analyzes every decision: build order, eco, micro, common mistakes by bracket. Personalized analysis on WhatsApp or Discord in 30 seconds.
Civ guide
Ethiopians
Map guide
Arabia
Perfil
Jugador #6207713